Map: Simulacrum LE

Players

BerryRAWR - Winner!

  • Race: Terran Terran
  • League: Grandmaster
  • Spawn Location: 11:00

llllllllllll

  • Race: Terran Terran
  • League: Grandmaster
  • Spawn Location: 5:00

VOD

Have the link to the VOD?

Description

Time

  • Played on: Feb. 21, 2020, 12:08 a.m.
  • Length: 20:14
Show
View Real Time Build Order
Export as new Build Order

BerryRAWR Terran - Winner!

Build Orders: Gas First Reaper Expand 

Get SALT Encoding   

  12  0:01  SCV  
  13  0:13  SCV  
  14  0:17  Supply Depot  
  14  0:25  SCV  
  15  0:31  Refinery  
  15  0:38  SCV  
  16  0:47  Barracks  
  16  0:50  SCV  
  17  1:03  SCV  
  18  1:15  SCV  
  19  1:34  Reaper, Orbital Command  
  20  1:43  Command Center  
  20  1:54  Factory  
  20  2:01  SCV  
  21  2:06  Refinery  
  21  2:10  Barracks Reactor  
  21  2:13  SCV  
  22  2:17  Supply Depot  
  22  2:25  SCV  
  22  2:37  SCV  
  22  2:45  Hellion  
  22  2:47  Marine x2  
  25  3:03  Orbital Command  
  25  3:13  Barracks Tech Lab  
  25  3:15  Starport  
  25  3:17  SCV  
  26  3:20  Orbital Command  
  26  3:21  Hellion  
  28  3:29  SCV  
  29  3:35  Hellion  
  31  3:42  Hellion  
  31  3:43  SCV  
  31  3:47  SCV  
  35  3:51  Medivac  
  35  3:55  SCV  
  38  3:59  SCV  
  38  4:00  Supply Depot  
  39  4:07  SCV  
  40  4:11  SCV  
  40  4:13  Siege Tank  
  40  4:14  Marine x2  
  46  4:19  Refinery  
  46  4:21  SCV, Starport Tech Lab  
  46  4:23  SCV  
  48  4:31  Supply Depot, Marine  
  48  4:32  Marine  
  48  4:33  SCV  
  48  4:35  SCV  
  52  4:38  Bunker  
  52  4:43  Raven  
  54  4:53  SCV x2, Siege Tank  
  59  5:01  Marine x2  
  59  5:02  Supply Depot  
  59  5:05  SCV  
  62  5:09  SCV  
  61  5:18  SCV  
  61  5:19  Marine  
  55  5:21  SCV  
  55  5:26  Raven  
  55  5:28  Siege Tank  
  61  5:34  Supply Depot  
  61  5:35  Command Center  
  61  5:36  SCV x2  
  61  5:39  Marine x2  
  61  5:42  Supply Depot  
  65  5:48  SCV x2  
  67  5:50  Refinery  
  67  5:56  Marine x2  
  69  6:07  SCV  
  69  6:08  Siege Tank  
  69  6:10  SCV  
  74  6:15  Barracks  
  74  6:16  Barracks  
  74  6:19  SCV  
  74  6:23  Engineering Bay  
  74  6:25  Engineering Bay, Marine  
  75  6:27  SCV  
  75  6:32  Supply Depot  
  75  6:41  Siege Tank  
  75  6:43  SCV x2  
  75  6:44  Starport Reactor, Stimpack, Marine  
  77  6:53  Orbital Command  
  76  6:55  SCV x2  
  76  6:57  Supply Depot  
  76  6:58  Terran Infantry Weapons Level 1, Terran Infantry Armor Level 1  
  78  7:01  Marine  
  78  7:02  Barracks Reactor  
  78  7:03  Barracks Reactor  
  78  7:07  SCV  
  80  7:13  Barracks  
  80  7:14  Barracks  
  80  7:17  SCV  
  80  7:19  SCV  
  80  7:22  Orbital Command  
  82  7:25  Marine  
  82  7:26  Factory Tech Lab  
  82  7:27  Medivac  
  82  7:28  Medivac  
  82  7:29  SCV  
  88  7:32  SCV  
  88  7:36  Armory  
  89  7:38  Supply Depot  
  89  7:42  SCV  
  83  7:48  Siege Tank  
  71  7:57  Marine  
  71  7:58  Marine x4  
  70  8:00  SCV  
  70  8:01  SCV  
  70  8:02  SCV  
  70  8:05  Refinery x2  
  76  8:06  Barracks Reactor x2  
  76  8:07  Factory  
  76  8:12  SCV  
  77  8:13  SCV  
  77  8:14  SCV  
  77  8:16  Marine  
  77  8:19  Marine  
  80  8:20  Marine x2, Siege Tank  
  80  8:21  Marine  
  80  8:23  Combat Shield  
  80  8:24  SCV  
  80  8:25  SCV, Terran Vehicle Weapons Level 1  
  80  8:26  SCV  
  90  8:36  SCV, Marine  
  90  8:37  SCV, Marine, Sensor Tower  
  90  8:38  SCV, Marine x3  
  98  8:42  Marine  
  98  8:46  Marine x2  
  98  8:48  SCV, Marine  
  102  8:50  SCV x2  
  102  8:52  Terran Infantry Weapons Level 2  
  102  8:53  Siege Tank  
  102  8:54  Marine  
  102  8:55  Marine  
  109  8:56  Terran Infantry Armor Level 2, Marine x3  
  109  8:59  Factory Tech Lab  
  109  9:00  Marine  
  109  9:01  SCV  
  109  9:02  SCV  
  116  9:05  Marine  
  116  9:06  Supply Depot, Marine x2  
  116  9:07  Supply Depot  
  119  9:11  Marine  
  119  9:13  Marine x2  
  122  9:17  Medivac  
  122  9:18  Marine  
  125  9:27  Medivac, Marine x5  
  125  9:29  Marine  
  125  9:31  Marine x2  
  133  9:33  Siege Tank  
  133  9:34  Command Center  
  133  9:35  Siege Tank  
  141  9:44  Supply Depot x2  
  141  9:46  Marine x4  
  141  9:49  Marine x2  
  141  9:52  Supply Depot  
  147  9:54  Supply Depot  
  147  9:55  Supply Depot, Marine x2  
  149  10:05  Marine x2  
  151  10:10  Marine x3  
  142  10:17  Marine  
  142  10:18  Marine x2  
  142  10:19  Siege Tank  
  142  10:21  Medivac x2, Marine  
  146  10:22  SCV x2  
  146  10:23  SCV, Marine x2  
  146  10:27  Terran Vehicle Weapons Level 2  
  146  10:28  Marine x2  
  152  10:29  Marine  
  152  10:35  SCV x2, Marine  
  156  10:36  SCV, Marine x2  
  156  10:39  Marine  
  156  10:41  Marine x2  
  163  10:46  Marine x3, Siege Tank  
  169  10:52  Medivac  
  169  10:53  Medivac, Marine  
  169  10:54  Marine x2  
  176  10:57  Marine  
  176  10:58  Marine x2  
  176  11:03  Marine  
  176  11:04  Marine x2  
  176  11:13  Marine  
  176  11:14  Marine x3  
  176  11:15  Siege Tank  
  176  11:16  Marine x2  
  184  11:20  Planetary Fortress  
  184  11:21  Marine  
  184  11:22  Missile Turret  
  184  11:24  Marine x2  
  187  11:25  Starport  
  187  11:30  Siege Tank  
  187  11:31  Marine x3  
  187  11:32  Marine  
  193  11:34  Marine x2  
  193  11:39  Marine  
  195  11:42  Marine x2  
  195  11:46  Terran Infantry Weapons Level 3  
  197  11:49  Marine x3  
  200  12:04  Refinery  
  200  12:05  Command Center, Refinery  
  200  12:06  Starport Reactor  
  200  12:09  Starport  
  200  12:13  Fusion Core  
  165  12:17  Marine x9  
  139  12:28  Thor  
  139  12:34  Marine  
  139  12:35  Marine x8  
  148  12:52  Marine  
  148  12:53  Marine x4  
  148  12:55  Marine x3  
  148  12:57  Marine  
  157  12:59  Siege Tank  
  147  13:10  Marine  
  147  13:11  Marine x3  
  147  13:12  Siege Tank  
  152  13:17  Advanced Ballistics  
  152  13:19  Medivac x3  
  155  13:20  Medivac  
  155  13:22  Command Center  
  151  13:28  Terran Vehicle Weapons Level 3  
  145  13:40  Viking  
  135  13:46  Thor  
  135  13:47  Thor  
  144  13:49  Viking, Marine x5  
  144  13:50  Marine x4  
  144  13:51  Armory  
  155  13:56  Missile Turret  
  155  13:57  Planetary Fortress  
  155  13:59  SCV x2  
  155  14:00  SCV  
  157  14:07  Marine x5  
  159  14:17  Missile Turret  
  159  14:19  Missile Turret  
  159  14:22  Missile Turret  
  159  14:23  Command Center  
  159  14:24  Terran Infantry Armor Level 3  
  159  14:29  Siege Tank  
  162  14:31  Marine x4  
  162  14:32  Marine x5  
  162  14:34  Siege Tank  
  174  14:41  Refinery x2  
  174  14:49  Marine x3  
  177  14:56  Marine x5  
  177  14:57  Command Center  
  175  15:01  Siege Tank  
  175  15:05  Marine  
  175  15:06  Siege Tank  
  179  15:07  Marine  
  180  15:19  Command Center  
  180  15:27  Marine x5  
  180  15:28  Marine x2  
  186  15:30  Factory  
  180  16:02  Missile Turret  
  178  16:05  Missile Turret x2  
  168  16:15  Siege Tank x2  
  138  16:19  Marine x5  
  138  16:20  Marine x2  
  138  16:21  Factory Tech Lab  
  138  16:23  Medivac x2  
  146  16:25  Command Center  
  146  16:28  Terran Vehicle And Ship Armor Level 1  
  146  16:29  Terran Ship Weapons Level 1  
  144  16:34  Marine x2  
  144  16:37  Marine x3  
  149  16:43  Marine x3  
  149  16:45  Barracks x2, Siege Tank  
  153  16:47  Barracks, Siege Tank x2  
  153  16:50  Planetary Fortress  
  153  16:52  Planetary Fortress  
  159  16:56  Marine x5  
  159  16:57  Orbital Command  
  159  16:59  Orbital Command  
  164  17:03  Neosteel Armor  
  164  17:04  Marine, Hi-Sec Auto Tracking  
  140  17:17  Siege Tank  
  140  17:18  Marine  
  140  17:19  Siege Tank x2  
  140  17:21  Marine x7  
  140  17:22  Marine  
  155  17:34  Orbital Command  
  155  17:36  Marine  
  129  17:43  Marine x2  
  111  17:45  Marine  
  111  17:46  Marine x8  
  111  17:48  Viking x5  
  130  17:55  Marine  
  130  17:57  Factory Tech Lab  
  129  17:59  Orbital Command  
  129  18:02  SCV x2  
  129  18:03  SCV x4  
  132  18:14  SCV, Marine x2  
  132  18:15  SCV, Marine x4, Factory Tech Lab  
  131  18:24  Liberator  
  131  18:25  Liberator x3  
  131  18:26  Liberator  
  141  18:43  Marine x6, Siege Tank x3  
  141  18:44  Marine x6  
  162  18:49  SCV x3, Orbital Command  
  165  18:57  SCV  
  165  18:58  SCV  
  165  19:00  Refinery  
  165  19:01  Marine x5  
  172  19:05  Marine x6  
  172  19:06  Marine  
  172  19:08  Refinery  
  172  19:09  Refinery  
  179  19:10  Missile Turret  
  179  19:11  Missile Turret  
  179  19:14  Viking x3  
  179  19:15  SCV x3  
  188  19:19  Marine  
  188  19:20  Sensor Tower  
  188  19:22  Sensor Tower  
  189  19:24  Sensor Tower  
  189  19:25  Refinery, Marine x2  
  189  19:26  Refinery, Marine x8  
  187  19:47  Marine x6  
  187  19:48  Marine x2  
  187  19:49  Marine  
  187  19:50  Marine x2  
  187  19:51  Marine  
Show
View Real Time Build Order
Export as new Build Order

llllllllllll Terran 

Build Orders: Gas First Reaper Expand 

Get SALT Encoding   

  12  0:00  SCV  
  13  0:12  SCV  
  14  0:17  Supply Depot  
  14  0:25  SCV  
  15  0:29  Refinery  
  15  0:38  SCV  
  16  0:44  Barracks  
  16  0:50  SCV  
  17  1:03  SCV  
  18  1:16  SCV  
  19  1:31  Reaper, Orbital Command  
  20  1:45  Command Center  
  20  1:56  Factory  
  20  1:59  SCV  
  21  2:07  Reaper  
  22  2:11  SCV  
  22  2:15  Supply Depot  
  23  2:18  Refinery  
  23  2:37  SCV  
  23  2:45  Hellion  
  23  2:46  Reaper  
  23  2:49  SCV  
  26  2:57  Orbital Command  
  25  3:01  SCV  
  25  3:05  Starport  
  26  3:08  Factory Tech Lab  
  26  3:13  SCV  
  26  3:19  Barracks Reactor  
  27  3:23  SCV  
  27  3:25  SCV  
  29  3:29  Refinery  
  29  3:35  Cyclone  
  29  3:37  SCV x2  
  34  3:42  Starport Tech Lab  
  34  3:49  SCV x2  
  36  3:57  Marine x2  
  36  4:01  SCV x2  
  40  4:08  Siege Tank  
  43  4:10  Supply Depot  
  43  4:13  SCV x2  
  45  4:17  Command Center  
  45  4:25  SCV  
  45  4:30  Supply Depot  
  45  4:31  SCV, Raven  
  46  4:36  Marine  
  46  4:38  SCV  
  52  4:42  Supply Depot  
  52  4:43  Siege Tank  
  54  4:51  SCV x2  
  54  4:52  Marine  
  56  4:53  Marine  
  56  4:54  Supply Depot  
  58  5:03  SCV x2  
  59  5:25  Marine  
  59  5:26  Raven, Marine  
  59  5:27  Siege Tank  
  66  5:29  SCV  
  66  5:30  SCV, Orbital Command  
  66  5:32  Barracks  
  68  5:37  Barracks  
  68  5:41  SCV  
  70  5:42  SCV  
  70  5:43  Marine x2  
  70  5:46  Refinery  
  72  5:53  SCV  
  72  5:54  Engineering Bay  
  72  5:55  Engineering Bay  
  72  5:57  SCV  
  72  5:59  Siege Tank  
  72  6:10  SCV  
  71  6:12  Marine  
  71  6:13  Marine  
  73  6:19  Starport Reactor  
  73  6:27  SCV x2  
  73  6:28  SCV  
  73  6:29  Barracks Reactor  
  73  6:31  Siege Tank  
  73  6:32  Terran Infantry Weapons Level 1, Terran Infantry Armor Level 1  
  79  6:36  Supply Depot  
  79  6:37  Supply Depot  
  79  6:38  Barracks Reactor  
  79  6:39  SCV  
  67  6:53  SCV x3  
  66  7:01  Viking x2  
  68  7:05  SCV x3  
  73  7:14  Stimpack, Marine  
  73  7:15  Marine x4  
  77  7:16  Siege Tank  
  77  7:17  SCV  
  82  7:28  Missile Turret  
  82  7:33  Viking x2  
  77  7:57  Orbital Command  
  77  7:58  SCV x2, Marine x2  
  78  7:59  Marine x3, Siege Tank  
  78  8:04  Barracks  
  78  8:05  Factory, Barracks  
  87  8:10  SCV x2  
  88  8:17  Marine  
  88  8:18  Marine x4  
  88  8:19  Armory  
  93  8:22  SCV x2  
  93  8:24  Missile Turret  
  95  8:27  SCV  
  95  8:29  Refinery  
  95  8:33  Sensor Tower  
  96  8:34  SCV x2  
  96  8:36  Supply Depot, Refinery  
  96  8:38  Medivac x2, Marine  
  96  8:39  Sensor Tower  
  103  8:45  Marine x4  
  103  8:47  SCV x2  
  109  8:52  Supply Depot  
  109  8:54  SCV, Siege Tank  
  113  8:59  SCV  
  113  9:01  Marine x2  
  113  9:02  Barracks Reactor  
  116  9:03  Combat Shield, Marine  
  116  9:06  SCV, Marine x2  
  116  9:07  Marine x2  
  122  9:10  Supply Depot  
  122  9:11  Supply Depot  
  122  9:14  Supply Depot  
  122  9:16  Terran Infantry Weapons Level 2  
  122  9:22  Terran Infantry Armor Level 2  
  122  9:23  Marine x3  
  125  9:29  SCV x3  
  128  9:34  Terran Vehicle Weapons Level 1  
  128  9:37  Missile Turret  
  128  9:38  Missile Turret  
  128  9:41  SCV  
  128  9:45  Marine x5, Factory Tech Lab  
  131  9:46  Marine x4  
  131  9:48  Siege Tank  
  141  9:53  Supply Depot  
  141  9:54  Supply Depot  
  141  9:55  Supply Depot  
  131  10:22  Marine x8  
  131  10:23  Marine, Siege Tank  
  131  10:24  Siege Tank  
  146  10:29  Command Center  
  146  10:47  Supply Depot  
  146  10:49  Supply Depot, Marine x3  
  149  10:52  Supply Depot  
  149  10:54  SCV, Marine x4  
  149  11:13  Marine x3  
  149  11:14  Marine x6  
  151  11:24  Siege Tank x2  
  153  11:26  SCV x2  
  153  11:31  Marine x3  
  158  11:47  Marine x6  
  158  11:48  Viking x2  
  168  11:58  Marine  
  168  11:59  Marine x2  
  171  12:04  Planetary Fortress, Marine x2  
  171  12:05  Marine  
  153  12:22  Marine x9  
  118  12:23  Siege Tank x2  
  122  12:30  Liberator x2  
  126  12:43  Marine  
  126  12:44  Marine x8  
  128  12:48  Refinery  
  128  12:49  Refinery  
  92  13:15  Marine x7  
  99  13:20  Marine x2  
  99  13:21  Siege Tank x2  
  99  13:23  Viking x2  
  99  13:25  SCV  
  112  13:27  Terran Infantry Weapons Level 3, Terran Infantry Armor Level 3  
  112  13:32  Marine  
  113  13:37  Orbital Command, Marine x2  
  112  13:41  Marine x3  
  112  13:42  Marine x3  
  118  13:53  SCV, Siege Tank  
  118  13:54  SCV x2  
  118  13:55  Marine x2  
  126  13:57  Viking  
  127  14:05  SCV  
  127  14:06  SCV x3  
  130  14:18  SCV  
  130  14:22  Sensor Tower  
  130  14:24  Marine x6  
  131  14:29  Medivac  
  131  14:30  SCV  
  140  14:34  Supply Depot  
  140  14:44  Refinery  
  140  14:56  SCV, Medivac, Siege Tank  
  140  14:58  Siege Tank  
  148  15:03  Marine x4  
  148  15:04  Marine  
  148  15:12  Missile Turret  
  148  15:17  SCV x4, Medivac, Marine x2  
  148  15:19  Supply Depot x3  
  148  15:20  Refinery  
  156  15:26  Supply Depot  
  156  15:27  Marine x4  
  156  15:28  Supply Depot  
  160  15:29  SCV  
  160  15:34  Siege Tank  
  163  15:41  Siege Tank  
  166  15:43  Liberator  
  144  16:14  Marine x5  
  144  16:15  Marine x3  
  144  16:16  Marine, Siege Tank  
  118  16:21  SCV  
  118  16:22  SCV  
  120  16:31  Marine  
  120  16:32  Marine x4  
  125  16:42  Marine x3  
  128  16:47  Marine  
  128  16:49  Marine x2, Siege Tank  
  128  16:50  Siege Tank  
  128  16:52  SCV  
  138  16:55  SCV  
  138  16:58  SCV  
  123  17:20  Marine x6  
  123  17:21  Marine x3  
  109  17:37  Marine  
  109  17:38  Marine x4  
  109  17:39  Marine x4  
  111  17:48  SCV x3  
  111  17:50  Command Center  
  114  17:55  Marine x2  
  114  17:56  Marine x3  
  114  17:57  Marine x2  
  121  18:05  Marine  
  121  18:06  Marine  
  121  18:07  Medivac x2, Siege Tank x2  
  133  18:13  Marine x3  
  115  18:22  Marine x2  
  115  18:23  Marine x4  
  115  18:24  SCV  
  115  18:25  SCV  
  109  18:31  Marine x2  
  109  18:38  Marine  
  109  18:40  Medivac x2, Marine x2, Siege Tank x2  
  114  18:41  SCV x3  
  116  18:50  Marine x6  
  122  18:56  Marine  
  122  18:58  SCV x4  
  127  19:09  Marine x3  
  129  19:10  Marine x4  
  134  19:18  Marine x2  
  136  19:24  Sensor Tower  
  136  19:27  Marine x4  
  133  19:44  Marine  
  133  19:45  Marine x7  
  108  19:47  SCV  
Tags
 
Add a new tag
Caveats
  • Supply blocks, unpowered buildings, or Contaminate may cause inaccurate times.
  • Supply counts are checked every 10 seconds.